 Dungeon Crawl Stone Soup version 0.19.5 (webtiles) character file.

1213 tidbits the Warrior (level 8, -1/81 HPs)
             Began as a High Elf Wanderer on Aug 8, 2017.
             Was a Believer of Okawaru.
             Slain by an orc warrior
             ... wielding a +0 flail
              (7 damage)
             ... on level 6 of the Dungeon.
             The game lasted 00:27:01 (3271 turns).

tidbits the Warrior (High Elf Wanderer)             Turns: 3271, Time: 00:27:02

Health: -1/81      AC: 24    Str: 14 (15) XL:     8   Next: 22%
Magic:  3/12       EV:  2    Int: 14 (16) God:    Okawaru [**....]
Gold:   281        SH:  0    Dex: 12 (15) Spells: 2 memorised, 6 levels left

rFire  + . .     SeeInvis .     Q - +0 long sword
rCold  + . .     Gourm    .     (armour currently unavailable)
rNeg   + + +     Faith    .     (no shield)
rPois  +         Spirit   .     (helmet currently unavailable)
rElec  +         Reflect  .     (cloak currently unavailable)
rCorr  +         Harm     .     (gloves currently unavailable)
MR     .....     NoTele   +     (boots currently unavailable)
Stlth  +++.......               (no amulet)
                                (no ring)
                                s - +2 ring of strength

@: tree-form, resistant, heroism, very slightly contaminated, hasted (expiring),
very quick
A: no striking features
a: Heroism, Renounce Religion


You were on level 6 of the Dungeon.
You worshipped Okawaru.
Okawaru was pleased with you.
You were very hungry.
You were a tree.
You visited 1 branch of the dungeon, and saw 6 of its levels.

You collected 281 gold pieces.

Inventory:

Hand Weapons
 a - a +3 dagger of holy wrath
   (You found it on level 2 of the Dungeon)
 c - a +0 short sword
 g - a +0 whip
   (You took it off a kobold on level 1 of the Dungeon)
 n - a +0 flail
   (You took it off an orc on level 3 of the Dungeon)
 r - a +2 dagger
 K - a +0 hunting sling
   (You found it on level 3 of the Dungeon)
 Q - a +0 long sword (weapon)
   (You took it off Blork the orc on level 4 of the Dungeon)
Missiles
 d - 18 bolts
 e - 83 stones (quivered)
 h - 84 arrows
 i - 33 poisoned needles
 w - 10 sling bullets
Armour
 y - a +0 robe
 B - a +2 leather armour of cold resistance (melded)
   (You took it off an orc on level 3 of the Dungeon)
 C - a +0 scale mail
   (You took it off an orc on level 3 of the Dungeon)
 F - a +0 pair of boots (melded)
   (You found it on level 3 of the Dungeon)
 G - a +0 pair of gloves (melded)
   (You found it on level 3 of the Dungeon)
Jewellery
 s - a +2 ring of strength (left branch)
   (You found it on level 3 of the Dungeon)
Wands
 A - a wand of flame (39/48)
   (You found it on level 4 of the Dungeon)
 O - a wand of slowing (16/48)
   (You found it on level 5 of the Dungeon)
Scrolls
 D - a scroll of fear {unknown}
 H - a scroll of noise {unknown}
 L - a scroll of fog {unknown}
 N - a scroll of remove curse
Potions
 b - a potion of haste
 l - 2 potions of mutation {!q}
 m - a potion of flight
 q - a potion of cancellation
Books
 k - a book of Misfortune
   (You found it on level 5 of the Dungeon)

   Spells                             Type                      Level
   a - Confusing Touch                Hexes                        1
   b - Confuse                        Hexes                        3
   c - Gell's Gravitas                Hexes/Translocation          3
   d - Petrify                        Transmutation/Earth          4
   e - Metabolic Englaciation         Hexes/Ice                    5
   f - Yara's Violent Unravelling     Hexes/Transmutation          5
Comestibles
 f - 3 bread rations
 o - 2 beef jerkies
 t - 3 chunks of flesh
 v - 2 slices of pizza
 z - 2 meat rations


   Skills:
 - Level 4.1(9.1) Fighting
 - Level 2.4(8.9) Short Blades
 + Level 4.8(10.1) Long Blades
   Level 1.3(6.3) Bows
 - Level 1.0(6.0) Throwing
 - Level 1.0(6.0) Armour
 - Level 3.9(8.9) Dodging
 - Level 2.1(7.1) Stealth
 - Level 1.5 Spellcasting
 - Level 4.2 Hexes
 + Level 5.2 Invocations
 - Level 1.0 Evocations


You had 6 spell levels left.
You knew the following spells:

 Your Spells              Type           Power        Failure   Level  Hunger
c - Confuse               Hex            ##......     14%         3    ####...
t - Confusing Touch       Hex            ##....       4%          1    ##.....


Dungeon Overview and Level Annotations

Branches:
Dungeon (6/15)             Temple (0/1) D:6

Altars:
Okawaru

Shops:
D:6 [


Message History

The leopard gecko hisses angrily.
The wyvern hisses menacingly.
Found a potion of flight.
You see here a potion of flight.
m - a potion of flight The wyvern bites you!
* * * LOW HITPOINT WARNING * * *
Okay, then.
You turn into a tree.
Your +0 pair of gloves melds into your body.
Your +0 pair of boots melds into your body.
Your +2 leather armour of cold resistance melds into your body.
You feel less resistant to cold.
Your roots penetrate the ground.
The wyvern bites you but does no damage.
You slash the wyvern!
The wyvern is moderately wounded.
The wyvern bites you.
* * * LOW HITPOINT WARNING * * *
You hit the wyvern.
The wyvern is heavily wounded.
The wyvern bites you.
* * * LOW HITPOINT WARNING * * *
You hit the wyvern.
The wyvern is heavily wounded.
The wyvern bites you!
* * * LOW HITPOINT WARNING * * *
You slash the wyvern!
The wyvern is almost dead.
The wyvern bites you but does no damage.
It was a potion of resistance.
You feel protected.
The wyvern bites you but does no damage.
You closely miss the wyvern.
The wyvern is almost dead.
The wyvern completely misses you.
You riposte.
You hit the wyvern.
You kill the wyvern!
Okawaru is honoured by your kill.
Your Invocations skill increases to level 5!
You closely miss the leopard gecko.
An orc wizard appears from thin air!
Reactivating autopickup.
It was a potion of degeneration.
There was something very wrong with that liquid.
You feel weakened.
You feel dopey.
You feel clumsy. The leopard gecko barely misses you.
You completely miss the leopard gecko.
The leopard gecko bites you but does no damage.
The orc wizard mumbles some strange words.
The orc wizard flickers and vanishes!
Deactivating autopickup; reactivate with Ctrl-A.
Unknown command.
As you read the scroll labeled LAOTIN QOWUMM, it crumbles to dust.
It is a scroll of amnesia.
Forget which spell ([?*] list [ESC] exit)?
Forget which spell ([?*] list [ESC] exit)?
Okay, then.
The leopard gecko bites you but does no damage.
Okay, then.
Okay, then.
You hit the leopard gecko.
The leopard gecko is moderately wounded.
The leopard gecko bites you but does no damage.
You hit the leopard gecko.
The leopard gecko is almost dead.
You hit the leopard gecko.
You kill the leopard gecko!
Okawaru accepts your kill.
You barely miss the orc warrior.
The orc warrior hits you but does no damage.
You hit the orc warrior but do no damage.
You hit the orc warrior.
The orc warrior is lightly wounded.
The orc warrior hits you but does no damage.
You slash the orc warrior!
The orc warrior is heavily wounded.
You are feeling very hungry.
You hit the orc warrior.
The orc warrior is severely wounded.
The orc warrior hits you but does no damage.
You closely miss the orc warrior.
The orc warrior is severely wounded.
You hit the orc warrior but do no damage.
The orc warrior is severely wounded.
The orc warrior hits you but does no damage.
You completely miss the orc warrior.
The orc warrior is severely wounded.
Your extra speed is starting to run out.
You closely miss the orc warrior. Your punch misses the orc warrior.
The orc warrior is severely wounded.
The orc warrior hits you but does no damage.
You hit the orc warrior but do no damage.
The orc warrior is severely wounded.
You hit the orc warrior but do no damage.
The orc warrior is severely wounded.
The orc warrior hits you but does no damage.
You hit the orc warrior but do no damage.
The orc warrior is severely wounded.
You hit the orc warrior.
The orc warrior is severely wounded.
The orc warrior hits you with a flail!
You die...

#..## #...#
###.#.# ...#.#
###.#.#######
#..........
#......####
#..######.##..Y.
#......♣o{#
.....
#..######## ####


You could see an orc warrior.

Vanquished Creatures
  Pikel (D:6)
  A wyvern (D:6)
  The ghost of tidbits the Ducker, an amateur HEWn (D:5)
  A slave (D:6)
  Blork the orc (D:4)
  A howler monkey (D:6)
  A crimson imp (D:6)
  3 orc priests
  2 orc wizards (D:5)
  A centaur skeleton (D:4)
  An iguana (D:4)
  2 worker ants (D:4)
  7 adders
  A worm (D:2)
  2 dart slugs (D:2)
  7 leopard geckos
  6 orcs
  A ball python (D:2)
  8 bats
  2 giant cockroaches (D:3)
  10 goblins
  4 hobgoblins
  3 kobolds
  A quokka (D:4)
  4 frilled lizards
  A jackal skeleton (D:4)
  8 rats
81 creatures vanquished.

Vanquished Creatures (others)
  A slave (D:6)
  An orc (D:6)
2 creatures vanquished.

Grand Total: 83 creatures vanquished

Notes
Turn   | Place    | Note
-------+----------+-------------------------------------------
     0 | D:1      | tidbits the High Elf Wanderer began the quest for the Orb.
     0 | D:1      | tidbits set off with: a +2 dagger, a potion of haste, a +0 short sword, a potion of curing, a +0 robe, a bread ration
     0 | D:1      | Reached XP level 1. HP: 13/13 MP: 2/2
    81 | D:1      | Reached skill level 2 in Dodging
   160 | D:1      | Reached XP level 2. HP: 17/18 MP: 3/3
   281 | D:2      | Found an iron altar of Okawaru.
   301 | D:2      | Became a worshipper of Warmaster Okawaru
   412 | D:2      | Reached skill level 3 in Dodging
   435 | D:2      | Reached XP level 3. HP: 15/23 MP: 4/4
   557 | D:2      | HP: 2/23 [dart slug (2)]
   801 | D:2      | Reached XP level 4. HP: 15/29 MP: 5/5
   824 | D:2      | HP: 1/29 [worm (8)]
   997 | D:3      | Reached skill level 2 in Fighting
  1301 | D:3      | Reached skill level 3 in Fighting
  1604 | D:4      | Reached XP level 5. HP: 11/36 MP: 6/6
  1633 | D:4      | Noticed Blork the orc
  1792 | D:4      | Reached * piety under Okawaru
  1792 | D:4      | Reached skill level 4 in Fighting
  1831 | D:4      | Reached skill level 1 in Invocations
  1908 | D:5      | Entered Level 5 of the Dungeon
  1925 | D:5      | Learned a level 3 spell: Confuse
  1940 | D:5      | Noticed an ogre
  1944 | D:5      | Learned a level 1 spell: Confusing Touch
  1951 | D:5      | HP: 3/37 [ogre/giant club (22)]
  2239 | D:4      | Reached skill level 1 in Hexes
  2320 | D:5      | Noticed tidbits's ghost (amateur HEWn)
  2446 | D:5      | Killed tidbits's ghost
  2446 | D:5      | Reached skill level 3 in Hexes
  2446 | D:5      | Reached XP level 6. HP: 34/43 MP: 7/7
  2677 | D:5      | Reached skill level 4 in Hexes
  2723 | D:4      | Killed Blork the orc
  2723 | D:4      | Reached ** piety under Okawaru
  2723 | D:4      | Reached skill level 1 in Spellcasting
  2723 | D:4      | Reached XP level 7. HP: 17/48 MP: 1/10
  3038 | D:6      | Found a staircase to the Ecumenical Temple.
  3038 | D:6      | Found Uvvass's Armour Shoppe.
  3081 | D:6      | Reached skill level 2 in Invocations
  3092 | D:6      | Noticed Pikel
  3119 | D:6      | Killed Pikel
  3119 | D:6      | Reached skill level 4 in Long Blades
  3119 | D:6      | Reached skill level 4 in Invocations
  3119 | D:6      | Reached XP level 8. HP: 31/54 MP: 1/12
  3213 | D:6      | HP: 1/54 [wyvern (9)]
  3248 | D:6      | HP: 3/81 [wyvern (7)]
  3251 | D:6      | Reached skill level 5 in Invocations
  3271 | D:6      | Slain by an orc warrior

Skill      XL: |  1  2  3  4  5  6  7  8 |
---------------+-------------------------+-----
Dodging        | 2 3 |  3.9
Fighting       | 3 4 |  4.1
Invocations    | 1 4 5 |  5.2
Hexes          | 3 4 |  4.2
Spellcasting   | 1 |  1.5
Long Blades    | 4 |  4.8
Short Blades   | |  2.4
Bows           | |  1.3
Throwing       | |  1.0
Armour         | |  1.0
Stealth        | |  2.1
Evocations     | |  1.0

Action                   |  1- 3 |  4- 6 |  7- 9 || total
-------------------------+-------+-------+-------++-------
Melee: Dagger            |   115 |   244 |    21 ||   380
       Long sword        |       |       |    77 ||    77
       Punch             |       |       |     1 ||     1
Throw: Stone             |    13 |       |       ||    13
 Cast: Confusing Touch   |       |     3 |       ||     3
       Confuse           |       |     8 |     7 ||    15
Invok: Heroism           |       |     1 |     7 ||     8
Evoke: Wand              |       |     1 |     1 ||     2
  Use: Scroll            |     2 |     3 |     3 ||     8
       Potion            |     5 |     4 |     9 ||    18
 Stab: Sleeping          |     1 |     5 |       ||     6
       Confused          |       |     3 |       ||     3
  Eat: Chunk             |       |     8 |     3 ||    11
Armor: Robe              |     3 |    13 |       ||    16
       Ring mail         |    18 |     2 |       ||    20
       Leather armour    |       |    40 |    15 ||    55
       Scale mail        |       |     5 |       ||     5
       Skin              |       |       |    27 ||    27
Dodge: Dodged            |    64 |   126 |    56 ||   246
       Rpst.: Long sword |       |       |    12 ||    12

Table legend:
 A = Turns spent in this place as a percentage of turns spent in the entire game.
 B = Non-inter-level travel turns spent in this place as a percentage of non-inter-level travel turns spent in the entire game.
 C = Inter-level travel turns spent in this place as a percentage of turns spent in this place.
 D = Turns resting spent in this place as a percentage of non-inter-level travel turns spent in this place.
 E = Turns spent auto-exploring this place as a percentage of non-inter-level travel turns spent in this place.
 F = Non-inter-level travel turns spent in this place divided by the number of levels of this place that you've seen.
                   A       B       C       D       E      F
               +-------+-------+-------+-------+-------+----------------------
         Total | 100.0 | 100.0 |   0.4 |   0.0 |   0.0 | 495.0
       Dungeon | 100.0 | 100.0 |   0.4 |   0.0 |   0.0 | 495.0
               +-------+-------+-------+-------+-------+----------------------

Table legend:
 A = Kills in this place as a percentage of kills in entire the game.
 B = Kills by you in this place as a percentage of kills by you in the entire game.
 C = Kills by friends in this place as a percentage of kills by friends in the entire game.
 D = Other kills in this place as a percentage of other kills in the entire game.
 E = Experience gained in this place as a percentage of experience gained in the entire game.
 F = Experience gained in this place divided by the number of levels of this place that you have seen.
                   A       B       C       D       E      F
               +-------+-------+-------+-------+-------+----------------------
         Total | 100.0 | 100.0 |  -nan | 100.0 | 100.0 | 288.8
       Dungeon | 100.0 | 100.0 |  -nan | 100.0 | 100.0 | 288.8
               +-------+-------+-------+-------+-------+----------------------

Vault maps used:
D:1:      minmay_arrival_hallway
D:2:      okawaru_trees_1
D:3:      first_bread, roderic_serpentine_path, minmay_misc_feat_ornament
D:4:      uniq_blork_the_orc
D:5:      lemuel_round_altar
D:6:      nicolae_whirlpool, kennysheep_mini,
          minmay_temple_entry_statues_fountains, serial_shops, shop,
          kennysheep_small_square, uniq_pikel, uniq_grinder
